 Dungeon Crawl Stone Soup version 0.30-a0-618-gd6c86c23d0 (webtiles) character file.

Game seed: 11298003107418276994

449 acebull12 the Chopper (level 7, -3/61 HPs)
             Began as a Hill Orc Cinder Acolyte on Jan 9, 2023.
             Was a High Priest of Ignis.
             Succumbed to a killer bee's poison
             ... on level 3 of the Dungeon.
             The game lasted 00:10:32 (3801 turns).

acebull12 the Chopper (Hill Orc Cinder Acolyte)     Turns: 3801, Time: 00:10:33

Health: -3/61      AC: 11    Str: 19    XL:     7   Next: 4%
Magic:  5/9        EV: 10    Int: 14    God:    Ignis [*****.]
Gold:   227        SH:  0    Dex:  6    Spells: 7/9 levels left

rFire   + . .      SeeInvis .    d - +3 war axe
rCold   . . .      Faith    .    (no shield)
rNeg    . . .      Spirit   .    m - +0 ring mail
rPois   .          Reflect  .    o - +0 helmet
rElec   .          Harm     .    n - +0 cloak
rCorr   .          Rampage  .    x - +2 pair of gloves
Will    .....                    h - +0 pair of boots Stlth
                                 (no amulet)
HPRegen 0.30/turn                (no ring)
MPRegen 0.11/turn                (no ring)

@: lethally poisoned (-3 -> -27)
A: no striking features
a: Renounce Religion, Fiery Armour, Foxfire Swarm


You were on level 3 of the Dungeon.
You worshipped Ignis.
Ignis was extremely pleased with you.
You visited 1 branch of the dungeon, and saw 4 of its levels.

You collected 227 gold pieces.

Inventory:

Hand Weapons
 a - a -1 hand axe of flaming
 d - a +3 war axe (weapon)
 t - a +2 whip of electrocution
Missiles
 f - 38 stones (quivered)
Armour
 h - a +0 pair of boots (worn)
 m - a +0 ring mail (worn)
 n - a +0 cloak (worn)
 o - a +0 helmet (worn)
 x - a +2 pair of gloves (worn)
Wands
 y - a wand of polymorph (4)
Scrolls
 b - a scroll of enchant armour {unknown}
 e - 7 scrolls of identify {unknown}
 k - a scroll of silence {unknown}
 l - a scroll of fear {unknown}
 p - a scroll of blinking {unknown}
 q - 2 scrolls of teleportation {unknown}
 r - a scroll of fog {unknown}
 s - a scroll of enchant weapon {unknown}
 v - a scroll of noise {unknown}
 w - a scroll of magic mapping {unknown}
 z - a scroll of poison {unknown}
Potions
 c - 2 potions of lignification {unknown}
 g - 2 potions of berserk rage {unknown}
 i - a potion of curing {unknown}
 j - 2 potions of degeneration {unknown}
 u - a potion of flight {unknown}


   Skills:
 * Level 5.3 Fighting
 * Level 7.0 Axes
 + Level 1.8 Armour
 + Level 1.0 Dodging
 + Level 0.2 Stealth
 + Level 1.6 Spellcasting
 * Level 4.6 Fire Magic


You had 7 spell levels left.
You knew the following spells:

 Your Spells              Type           Power      Damage    Failure   Level
a - Scorch                Fire           28%        2d6       10%         2

Your spell library contained the following spells:

 Spells                   Type           Power      Damage    Failure   Level
 Dazzling Flash           Conj/Hex       2%         N/A       78%         3
 Iskenderun's Mystic Bla  Conj/Tloc      1%         2d3       99%         4
 Starburst                Conj/Fire      3%         6d3       100%        6
 Malign Gateway           Summ/Tloc      0%         N/A       100%        7
 Summon Horrible Things   Summ           0%         N/A       100%        8


Dungeon Overview and Level Annotations

Branches:
Dungeon (4/15)
 Temple: D:4-7

Altars:
Ashenzari
Elyvilon
Ru
Uskayaw

Shops:
D:3 [


Message History

You feel sick.
The killer bee stings you but does no damage.
The killer bee barely misses you.
The killer bee stings you but does no damage.
You miss the killer bee.
The killer bee is heavily wounded.
You feel sick.
The killer bee is no longer more vulnerable to fire.
The killer bee stings you but does no damage. x2
You miss the killer bee.
The killer bee is heavily wounded.
You feel sick. The killer bee stings you.
You are more poisoned.
The killer bee poisons you!
The killer bee stings you but does no damage.
You miss the killer bee.
The killer bee is heavily wounded.
You feel very sick. The killer bee stings you.
You are more poisoned.
The killer bee poisons you! The killer bee stings you.
You are lethally poisoned!
The killer bee poisons you!
The killer bee stings you but does no damage.
You closely miss the killer bee.
The killer bee is heavily wounded.
You feel extremely sick. The killer bee stings you.
You are more poisoned.
The killer bee poisons you! The killer bee stings you.
* * * LOW HITPOINT WARNING * * *
You begin to rise into the air.
* * * LOW HITPOINT WARNING * * *
You feel extremely sick. The killer bee barely misses you.
The killer bee stings you.
* * * LOW HITPOINT WARNING * * *
Unknown command.
Unknown command.
With a burst of heat and light, you rocket upward!
You die...

####.#########'## ##
#.........#.# ##.
#..######.#.# ##.#
#..# #.#.## #.##
#..######....## #..#
#..##.........# #.#.
#.....###.....# #.##
##.######.#.#.#####.##
#..>@....###.......#
########## #########


There were no monsters in sight!

Vanquished Creatures
  Sigmund (D:2)
  A jelly (D:4)
  A gnoll bouda (D:4)
  Terence (D:3)
  2 orc wizards
  Robin (D:3)
  4 adders
  A gnoll (D:1)
  5 dart slugs
  7 orcs
  5 bats
  6 endoplasms
  3 giant cockroaches
  15 goblins
  5 hobgoblins
  7 kobolds
  2 quokkas
  11 ball pythons
  2 frilled lizards (D:1)
  7 rats
87 creatures vanquished.

Vanquished Creatures (others)
  An orc wizard (D:3)
1 creature vanquished.

Grand Total: 88 creatures vanquished

Notes
Turn   | Place    | Note
-------+----------+-------------------------------------------
     0 | D:1      | acebull12 the Hill Orc Cinder Acolyte began the quest for
                  | the Orb.
     0 | D:1      | Reached XP level 1. HP: 19/19 MP: 2/2
    65 | D:1      | Reached XP level 2. HP: 27/27 MP: 3/3
    88 | D:1      | Learned a level 2 spell: Scorch
   248 | D:1      | Reached skill level 5 in Axes
   248 | D:1      | Reached XP level 3. HP: 16/33 MP: 2/4
   970 | D:2      | Reached XP level 4. HP: 41/41 MP: 2/5
  1731 | D:3      | Noticed Sigmund
  1731 | D:3      | Noticed Robin
  1738 | D:2      | Killed Sigmund
  1739 | D:2      | Reached skill level 5 in Fighting
  1739 | D:2      | Reached skill level 6 in Axes
  1739 | D:2      | Reached XP level 5. HP: 48/48 MP: 5/7
  1739 | D:2      | Reached XP level 6. HP: 56/56 MP: 5/8
  1751 | D:3      | Killed Robin
  1838 | D:3      | Found a hide-covered altar of Uskayaw.
  1846 | D:3      | Found a sacrificial altar of Ru.
  1849 | D:3      | Found a broken altar of Ashenzari.
  1852 | D:3      | Found a white marble altar of Elyvilon.
  2256 | D:3      | Found Puass's Antique Armour Boutique.
  2337 | D:3      | Noticed Terence
  2348 | D:3      | Killed Terence
  2621 | D:3      | Reached skill level 1 in Dodging
  2855 | D:3      | Reached skill level 1 in Armour
  3785 | D:4      | Noticed a sky beast
  3793 | D:4      | Reached skill level 7 in Axes
  3793 | D:4      | Reached XP level 7. HP: 47/61 MP: 6/9
  3800 | D:4      | HP: 1/61 [killer bee (6)]
  3801 | D:3      | Succumbed to a killer bee's poison

Illustrated notes

Levels and vault maps discovered:
D:1:      dpeg_arrival_rooms_with_view, layout_rooms
D:2:      layout_basic, kennysheep_path_1
D:3:      layout_loops_corners, grunt_temple_overflow_cloverleaf, serial_shops,
          shop, saegor_snake_ambush, uniq_terence, uniq_sigmund, uniq_robin
D:4:      cheibrodos_barr_body, layout_layer_cave

Skill      XL: |  1  2  3  4  5  6 |
---------------+-------------------+-----
Fighting       | 4 5 |  5.3
Axes           | 5 6 7 |  7.0
Fire Magic     | 4 |  4.6
Dodging        | 1 |  1.0
Armour         | 1 |  1.8
Stealth        | |  0.2
Spellcasting   | |  1.6

Action                   |  1- 3 |  4- 6 |  7- 9 || total
-------------------------+-------+-------+-------++-------
Melee: Hand axe          |    39 |       |       ||    39
       War axe           |    31 |   113 |     6 ||   150
       Punch             |     1 |       |       ||     1
 Cast: Scorch            |     6 |    16 |     1 ||    23
Invok: Fiery Armour      |       |     1 |       ||     1
       Rising Flame      |       |       |     1 ||     1
Armor: Robe              |    15 |       |       ||    15
       Ring mail         |       |    60 |     8 ||    68
Dodge: Dodged            |    42 |    69 |     4 ||   115

Table legend: (Time is in decaauts)
 A = Elapsed time spent in this place.
 B = Non-inter-level travel time spent in this place.
 C = Inter-level travel time spent in this place.
 D = Time resting spent in this place.
 E = Time spent auto-exploring this place.
 F = Levels seen in this place.
 G = Mean time per level.
                   A        B        C        D        E       F      G
               +--------+--------+--------+--------+--------+-----+--------+
         Total |   3875 |   3610 |    265 |    174 |   2674 |   4 |  968.8 |
       Dungeon |   3875 |   3610 |    265 |    174 |   2674 |   4 |  968.8 |
               +--------+--------+--------+--------+--------+-----+--------+

Top non-repeatable levels by time:
     D:3: 1297 daAuts
     D:2: 1000 daAuts
     D:1: 835 daAuts
     D:4: 742 daAuts
